 Dungeon Crawl Stone Soup version 0.31.0-9-g3a7656b989 (webtiles) character file.

Game seed: 13333445350716131302

1690 HehFate the Magician (level 8, -1/42 HPs)
             Began as a Deep Elf Alchemist on Jan 25, 2024.
             Was a Follower of Sif Muna.
             Slain by a troll (5 damage)
             ... on level 9 of the Dungeon on Jan 26, 2024.
             The game lasted 01:08:32 (6124 turns).

HehFate the Magician (Deep Elf Alchemist)           Turns: 6124, Time: 01:08:33

Health: -1/42      AC: 16    Str:  7    XL:     8   Next: 72%
Magic:  0/28       EV: 12    Int: 31    God:    Sif Muna [*.....]
Gold:   342        SH:  0    Dex: 14    Spells: 2/19 levels left

rFire   . . .        a - +7 bardiche "Trog's Scorn" {protect, MP+9 Str+3 Int+4}
rCold   . . .        (shield currently unavailable)
rNeg    . . .        c - +0 leather armour
rPois   .            j - +1 hat
rElec   .            (no cloak)
rCorr   .            v - +0 pair of gloves
SInv    .            (no boots)
Will    .....        o - amulet of guardian spirit
Stlth   ++           l - +4 ring of protection {spellpower}
HPRegen 0.27/turn    n - ring of flight
MPRegen 0.21/turn

%: guardian spirit
@: under a protective aura, flying
A: clever 1, sense surroundings 1
a: Renounce Religion, Channel Magic


You were on level 9 of the Dungeon.
You worshipped Sif Muna.
Sif Muna was aware of your devotion.
You visited 2 branches of the dungeon, and saw 10 of its levels.

You collected 342 gold pieces.

Inventory:

Hand Weapons
 a - the +7 bardiche "Trog's Scorn" (weapon) {protect, MP+9 Str+3 Int+4}
   (You took it off an orc on level 5 of the Dungeon)

   Str+3:     It affects your strength (+3).
   Int+4:     It affects your intelligence (+4).
   MP+9:      It affects your magic capacity (+9).
 r - the +1 spear "Beetle's Death" {freeze, Will- Dex+3}
   (You found it on level 4 of the Dungeon)

   Dex+3:     It affects your dexterity (+3).
   Will-:     It decreases your willpower.
 s - a +1 mace of protection
 y - a +2 great sword
 z - a +1 mace of freezing
 A - a +5 long sword
Missiles
 d - 38 stones
 u - 4 boomerangs
 w - 4 atropa-tipped darts
Armour
 c - a +0 leather armour (worn)
 j - a +1 hat (worn)
 v - a +0 pair of gloves (worn)
Jewellery
 i - a ring of poison resistance
 l - a +4 ring of protection (left hand) {spellpower}
 n - a ring of flight (right hand)
 o - an amulet of guardian spirit (around neck)
 p - a ring of ice
 F - a +5 ring of evasion
Wands
 x - a wand of digging (6)
 B - a wand of roots (6)
Scrolls
 g - a scroll of blinking
 k - 3 scrolls of teleportation
 m - 2 scrolls of fog
 q - a scroll of immolation
 C - 2 scrolls of noise
 D - a scroll of amnesia {unknown}
 E - a scroll of enchant weapon {unknown}
Potions
 b - a potion of magic
 e - 2 potions of invisibility
 f - a potion of cancellation
 h - 2 potions of lignification
 t - 6 potions of curing


   Skills:
 + Level 0.8 Fighting
 - Level 1.4 Maces & Flails
 + Level 2.1 Polearms
 + Level 2.0 Armour
 + Level 4.2 Dodging
 + Level 2.8 Stealth
 * Level 6.2 Spellcasting
 * Level 3.5 Conjurations
 * Level 4.2 Hexes
 * Level 3.6 Necromancy
 * Level 0.9 Ice Magic
 * Level 3.2 Air Magic
 * Level 6.1 Alchemy


You had 2 spell levels left.
You knew the following spells:

 Your Spells              Type           Power      Damage    Failure   Level
a - Sting                 Conj/Alch      100%       1d9       1%          1
b - Mercury Vapours       Alch/Air       76%        N/A       1%          2
c - Slow                  Hex            100%       N/A       1%          1
d - Mephitic Cloud        Conj/Alch/Air  36%        N/A       3%          3
e - Vampiric Draining     Necr           32%        2d8       4%          3
f - Olgreb's Toxic Radia  Alch           47%        N/A       5%          4
g - Necrotise             Necr           100%       1d9       1%          1
h - Ensorcelled Hibernat  Hex/Ice        50%        N/A       3%          2

Your spell library contained the following spells:

 Spells                   Type           Power      Damage    Failure   Level
 Confusing Touch          Hex            36%        N/A       3%          3
 Sigil of Binding         Hex            36%        N/A       3%          3
 Dazzling Flash           Conj/Hex       66%        N/A       4%          3
 Swiftness                Air            30%        N/A       5%          3
 Sticky Flame             Fire/Alch      28%        2d7       21%         4
 Passwall                 Erth           9%         N/A       22%         3
 Volatile Blastmotes      Fire/Tloc      18%        2d11      22%         3
 Martyr's Knell           Necr/Summ      20%        N/A       32%         4
 Curse of Agony           Necr           32%        N/A       41%         5
 Starburst                Conj/Fire      10%        6d5       99%         6
 Maxwell's Capacitive Co  Air            15%        ∞         100%        8


Dungeon Overview and Level Annotations

Branches:
Dungeon (10/15)            Temple (1/1) D:6
   Lair: D:8-11         Orc: D:9-12

Altars:
Cheibriados
Dithmenos
Fedhas
Gozag
Kikubaaqudgha
Nemelex Xobeh
Okawaru
Qazlal
Ru
Sif Muna
Trog
Uskayaw
Vehumet
Wu Jian
Xom
Yredelemnul
Zin
The Shining One


Innate Abilities, Weirdness & Mutations

Your mind is acute. (Int +4, Str/Dex -1)
You passively map a small area around you.


Message History

There is a stone staircase leading up here.
You fly upwards.
There is a stone staircase leading down here.
A troll comes into view.
Aiming: Sting (safe; 1% risk of failure)
Press: ? - help, Q - select action, (/) - cycle Shift-Dir - straight line, f - troll
Aim: a troll (asleep, 100% to hit)
The sting hits the troll.
The troll is poisoned.
The troll is lightly wounded.
The troll shouts!
Aiming: Sting (safe; 1% risk of failure)
Press: ? - help, Q - select action, (/) - cycle Shift-Dir - straight line, f/p - troll
Aim: a troll (poisoned, 78% to hit)
The sting hits the troll.
The troll looks even sicker.
The troll is lightly wounded.
You barely miss the troll.
The troll is lightly wounded.
The troll bites you! The troll claws you. x2
You closely miss the troll.
The troll is moderately wounded.
The troll bites you! The troll misses you. The troll closely misses you. x2
The troll claws you! The troll claws you.
You slash the troll!
Your weapon exudes an aura of protection.
The troll is heavily wounded.
The troll bites you but does no damage. The troll barely misses you.
The troll claws you!
* * * LOW HITPOINT WARNING * * *
The troll closely misses you. x2; The troll claws you but does no damage.
The troll attacks as it pursues you! The troll bites you!
* * * LOW HITPOINT WARNING * * *
The troll claws you but does no damage. The troll closely misses you.
Aiming: Sting (safe; 1% risk of failure)
Press: ? - help, Q - select action, (/) - cycle Shift-Dir - straight line, f/p - troll
Aim: a troll (heavily wounded, poisoned, 78% to hit)
The sting hits the troll.
The troll looks even sicker.
The troll is heavily wounded.
The troll bites you but does no damage. The troll misses you.
The troll claws you!
You die...

*, , * * ,, , , , ,
* , , , ,, , , * , *
,, , , ######
#########... , ,
......##..@T.......,
,
.......#....##.#...
, #.>..#.# , ,
####......#, * , *
###.####* * #.# , *
#.# , * #.# , , #.#
** *


You could see a troll (very poisoned).

Vanquished Creatures
  Eustachio (D:5)
  2 water moccasins
  2 black bears
  A phantom (D:5)
  5 scorpions
  5 wights (D:6)
  3 hounds
  A sleepcap (D:7)
  Terence (D:3)
  An iguana (D:6)
  4 orc wizards (D:4)
  3 gnolls (D:4)
  5 adders
  7 river rats (D:6)
  A shadow imp (D:6)
  3 dart slugs
  A ribbon worm (D:3)
  9 orcs
  10 endoplasms
  5 giant cockroaches
  3 goblins
  5 hobgoblins
  9 jackals
  5 kobolds
  6 quokkas
  9 ball pythons
  6 bats
  6 frilled lizards
  11 rats
130 creatures vanquished.

Vanquished Creatures (collateral kills)
  2 river rats (D:6)
  3 rats (D:6)
5 creatures vanquished.

Grand Total: 135 creatures vanquished

Notes
Turn   | Place    | Note
-------+----------+-------------------------------------------
     0 | D:1      | HehFate the Deep Elf Alchemist began the quest for the Orb.
     0 | D:1      | Reached XP level 1. HP: 10/10 MP: 6/6
   305 | D:1      | Reached XP level 2. HP: 15/15 MP: 6/8
   313 | D:1      | Learned a level 2 spell: Mercury Vapours
   317 | D:1      | Learned a level 1 spell: Slow
   832 | D:1      | Reached XP level 3. HP: 19/19 MP: 5/9
  1323 | D:2      | Learned a level 3 spell: Mephitic Cloud
  1981 | D:2      | Reached XP level 4. HP: 24/24 MP: 7/11
  1993 | D:2      | Learned a level 3 spell: Vampiric Draining
  2466 | D:3      | Noticed Terence
  2477 | D:3      | Killed Terence
  2478 | D:3      | Reached skill level 1 in Maces & Flails
  2497 | D:3      | Gained mutation: You are covered in fur. (AC +1) [potion of
                  | mutation]
  2727 | D:3      | Reached XP level 5. HP: 27/28 MP: 8/13
  3136 | D:4      | Identified the +1 spear "Beetle's Death" {freeze, Will-
                  | Dex+3}
  3174 | D:4      | Reached skill level 1 in Hexes
  3174 | D:4      | Reached skill level 5 in Alchemy
  3183 | D:4      | Reached skill level 1 in Necromancy
  3183 | D:4      | Reached XP level 6. HP: 32/32 MP: 6/14
  3278 | D:4      | Learned a level 4 spell: Olgreb's Toxic Radiance
  3500 | D:4      | Reached skill level 1 in Air Magic
  3713 | D:5      | Entered Level 5 of the Dungeon
  4029 | D:5      | Noticed Eustachio
  4043 | D:5      | Killed Eustachio
  4044 | D:5      | Reached skill level 1 in Armour
  4044 | D:5      | Reached skill level 5 in Spellcasting
  4044 | D:5      | Reached XP level 7. HP: 36/36 MP: 9/16
  4141 | D:5      | Lost mutation: You are covered in fur. (AC +1) [potion of
                  | mutation]
  4141 | D:5      | Gained mutation: Your mind is acute. (Int +4, Str/Dex -1)
                  | [potion of mutation]
  4141 | D:5      | Gained mutation: You passively map a small area around you.
                  | [potion of mutation]
  4225 | D:5      | Identified the +7 bardiche "Trog's Scorn" {protect, MP+9
                  | Str+3 Int+4}
  4325 | D:5      | Found a shimmering altar of Xom.
  4343 | D:5      | Found an iron altar of Okawaru.
  4348 | D:5      | Found a snail-covered altar of Cheibriados.
  4348 | D:5      | Found a blossoming altar of Fedhas.
  5044 | D:6      | Reached XP level 8. HP: 42/42 MP: 18/18
  5044 | D:6      | Found a staircase to the Ecumenical Temple.
  5051 | Temple   | Entered the Ecumenical Temple
  5072 | Temple   | Became a worshipper of Sif Muna the Loreminder
  5103 | D:6      | Reached skill level 1 in Polearms
  5605 | D:6      | Found a glowing golden altar of the Shining One.
  5609 | D:6      | Learned a level 1 spell: Necrotise
  5612 | D:6      | Learned a level 2 spell: Ensorcelled Hibernation
  5916 | D:6      | Reached * piety under Sif Muna
  6042 | D:7      | Found an opulent altar of Gozag.
  6076 | D:7      | You are sucked into a shaft and drop 3 floors!
  6076 | D:10     | Entered Level 10 of the Dungeon
  6117 | D:9      | Noticed a troll
  6124 | D:9      | Slain by a troll

Illustrated notes

Levels and vault maps discovered:
D:1:      lemuel_arrival_hallway, layout_basic, minmay_hexomino_f4
D:2:      layout_basic
D:3:      layout_basic, uniq_terence
D:4:      layout_basic
D:5:      layout_basic, minitemple, uniq_eustachio
D:6:      layout_loops_ring, nicolae_tso_carved_into_rock,
          minmay_temple_entry_arrows, dk_rats_in_the_wall
D:7:      layout_rooms, nicolae_hepliaklqana_hippocampus, lemuel_crystal_altar,
          serial_shops, nicolae_shop_waterfront, uniq_maggie
D:9:      layout_loops_cross, lemuel_crystal_altar,
          lemuel_coloured_pillars_altar, mainiacjoe_overflow_boulevard
D:10:     layout_stronghold
Temple:   nicolae_temple_slightly_damp_pantheon

Skill      XL: |  1  2  3  4  5  6  7  8 |
---------------+-------------------------+-----
Alchemy        | 4 5 6 |  6.1
Maces & Flails | 1 |  1.4
Spellcasting   | 4 5 6 |  6.2
Conjurations   | 2 3 |  3.5
Hexes          | 1 2 3 4 |  4.2
Necromancy     | 1 2 3 |  3.6
Air Magic      | 1 2 3 |  3.2
Dodging        | 3 4 |  4.2
Armour         | 1 2 |  2.0
Polearms       | 2 |  2.1
Fighting       | |  0.8
Stealth        | |  2.8
Ice Magic      | |  0.9

Action                     |  1- 3 |  4- 6 |  7- 9 || total
---------------------------+-------+-------+-------++-------
  Melee: Unarmed           |    10 |       |       ||    10
         Dagger            |    21 |       |       ||    21
         Mace              |       |    96 |     4 ||   100
         Bardiche          |       |       |    88 ||    88
   Cast: Sting             |    98 |    98 |    51 ||   247
         Slow              |       |     1 |       ||     1
         Necrotise         |       |       |    13 ||    13
         Mercury Vapours   |       |       |     3 ||     3
    Use: Scroll            |     3 |     6 |     4 ||    13
         Potion            |     1 |     2 |     3 ||     6
 Armour: Leather armour    |    29 |   106 |   113 ||   248
  Dodge: Dodged            |    57 |    63 |   130 ||   250
